cohdb
Replays
Latest Replays
All Replays
Popular Replays
Top Player Replays
Match Explorer
How It Works
Community
CoH3 Stats
Reddit
Sign in to upload your games and track your stats! →
Sign in with Steam
Match 45929463
Unlisted
Match 45929463
Overview
Messages
Build Orders
End
Vickers Machine Gun Team
Construct Section Command Post
Infantry Section
ML 3-inch Mortar Team
Construct Platoon Command Post
CMP 15cwt Truck
Selects Air and Sea Battlegroup
Selects Commando Section Paradrop
Commando Section Paradrop
Construct Field Infirmary
6-pounder Anti-tank Gun Team
Construct Company Command Post
Selects Supply Surplus
Selects UNKNOWN (223837)
Construct Resource Cache
Royal Engineer Section
Centaur IV Medium Tank
Foot Guards Section
Infantry Training
Unlock Towed 17-pounder Anti-tank Guns
Selects M1 Pack Howitzer Paradrop
17-pounder Anti-tank Gun Team
Selects Anti-tank Rocket Loiter
Anti-tank Rocket Loiter
Crusader II Medium Tank
Crusader II Medium Tank
Armored Vehicle Training
Crusader II Medium Tank
Anti-tank Rocket Loiter
HulkSMASH
Mattie
MoronPark-四海云水怒
MonikaのPants
0
0
Comments
sign in to comment!
No comments posted yet!